 Dungeon Crawl Stone Soup version 0.22.0-38-g04b72b8 (webtiles) character file.

870 orange3 the Cudgeler (level 7, 0/62 HPs)
             Began as a Minotaur Berserker on Aug 30, 2018.
             Was an Initiate of Ru.
             Slain by a polar bear (3 damage)
             ... created by the rage of Trog
             ... on level 5 of the Dungeon.
             The game lasted 00:20:28 (3661 turns).

orange3 the Cudgeler (Minotaur Berserker)           Turns: 3661, Time: 00:20:32

Health: 0/62       AC: 17    Str: 23    XL:     7   Next: 73%
Magic:  6/6        EV:  8    Int:  4    God:    Ru [......]
Gold:   222        SH:  0    Dex: 10    Spells: 6/6 levels left

rFire    . . .     SeeInvis .   s - +0 mace
rCold    . . .     Gourm    .   (no shield)
rNeg     . . .     Faith    .   r - +0 plate armour
rPois    .         Spirit   .   (helmet restricted)
rElec    .         Reflect  .   x - +0 cloak {MR+}
rCorr    .         Harm     .   (no gloves)
MR       +....                  q - +2 pair of boots
Stlth    ..........             (no amulet)
HPRegen  0.20/turn              (no ring)
MPRegen  0.10/turn              (no ring)

@: no status effects
A: retaliatory headbutt, horns 2
a: Renounce Religion


You were on level 5 of the Dungeon.
You worshipped Ru.
Ru was noncommittal.
You were not hungry.

You visited 1 branch of the dungeon, and saw 5 of its levels.

You collected 222 gold pieces.

Inventory:

Hand Weapons
 a - a +0 mace
 i - a +0 hand axe
 k - a +0 whip
 s - a +0 mace (weapon)
 t - a +0 mace
 u - a +0 mace
 v - a +0 mace
 w - a +0 mace
 y - a +0 mace
 z - a +0 mace
 A - a +0 flail
 D - a +0 club
 H - a +0 mace
Missiles
 h - 2 tomahawks (quivered)
Armour
 b - a +0 animal skin
 q - a +2 pair of boots (worn)
 r - a +0 plate armour (worn)
 x - a +0 cloak of magic resistance (worn)
 C - a +0 ring mail
 F - a +0 scale mail
Scrolls
 d - 2 scrolls of amnesia
 f - 5 scrolls of identify {unknown}
 j - 2 scrolls of enchant armour {unknown}
 n - 2 scrolls of random uselessness {unknown}
 p - 4 scrolls of remove curse {unknown}
 G - 2 scrolls of enchant weapon {unknown}
Potions
 e - a potion of magic {unknown}
 g - 3 potions of curing {unknown}
 l - a potion of berserk rage {unknown}
 m - 2 potions of flight {unknown}
 o - 2 potions of lignification {unknown}
 B - a potion of brilliance {unknown}
 E - 2 potions of heal wounds {unknown}
Comestibles
 c - 8 rations


   Skills:
 + Level 5.8 Fighting
 + Level 7.7 Maces & Flails
 + Level 6.2 Armour
 + Level 3.3 Dodging
 + Level 0.7 Stealth


You had 6 spell levels left.
You didn't know any spells.
Your spell library was empty.

Dungeon Overview and Level Annotations

Branches:
Dungeon (5/15)
 Temple: D:4-7

Altars:
Elyvilon
Gozag
Nemelex Xobeh
Ru
Trog
Uskayaw


Innate Abilities, Weirdness & Mutations

You reflexively headbutt those who attack you in melee.
You have a pair of horns on your head.


Message History

The polar bear is lightly wounded.
You hit the polar bear. Your headbutt misses the polar bear.
The polar bear is lightly wounded.
The black bear bites you but does no damage.
The black bear claws you but does no damage. x2
The polar bear bites you! The polar bear claws you.
The polar bear claws you but does no damage.
You hit the polar bear. Your headbutt misses the polar bear.
The polar bear is lightly wounded.
The polar bear bites you. The polar bear claws you.
The polar bear barely misses you. The black bear bites you!
The black bear barely misses you.
The black bear claws you but does no damage.
The polar bear completely misses you.
The polar bear claws you but does no damage. x2
The polar bear bites you!!
* * * LOW HITPOINT WARNING * * *
The polar bear claws you but does no damage.
The polar bear claws you.
You die... #.....####.#.##.#.#.# ####<.# #.#.##.#.#.# #..# #......#.#.# #..# ###.####.#.# #..# #.##...#.# #..# #.##.###.# ##..# #.##.###.# #hhh#

#....<...# #h@.#
#..#.#####
.......#.######..#.#####
######.#........).......
#.#######.....##### #.
.....#.### #. ######.#
#. #.. #. ... ####


You could see 3 polar bears and a black bear (berserk).

Vanquished Creatures
  3 ogres
  A centaur (D:5)
  A scorpion (D:5)
  2 howler monkeys
  A crimson imp (D:5)
  A centaur zombie (D:5)
  2 jellies (D:5)
  Crazy Yiuf (D:2)
  A bullfrog skeleton (D:5)
  A centaur skeleton (D:4)
  A hound (D:4)
  A worker ant (D:4)
  3 adders
  3 gnolls (D:4)
  An ooze (D:1)
  3 worms
  8 leopard geckos
  7 orcs
  4 giant cockroaches
  6 goblins
  5 hobgoblins
  5 jackals
  3 quokkas
  3 ball pythons
  6 bats
  4 frilled lizards
  6 kobolds
  4 rats
87 creatures vanquished.

Notes
Turn   | Place    | Note
-------+----------+-------------------------------------------
     0 | D:1      | orange3 the Minotaur Berserker began the quest for the Orb.
     0 | D:1      | Reached XP level 1. HP: 19/19 MP: 0/0
   187 | D:1      | Reached XP level 2. HP: 23/27 MP: 1/1
   364 | D:1      | Reached skill level 4 in Maces & Flails
  1308 | D:2      | Reached XP level 3. HP: 34/34 MP: 2/2
  1352 | D:2      | Reached ** piety under Trog
  1469 | D:2      | Found a faded altar of an unknown god.
  1759 | D:2      | Found a runed door.
  1915 | D:2      | Noticed Crazy Yiuf
  1924 | D:2      | Killed Crazy Yiuf
  1924 | D:2      | Reached XP level 4. HP: 41/41 MP: 3/3
  2337 | D:3      | Reached skill level 5 in Maces & Flails
  2648 | D:4      | Noticed an ogre
  2652 | D:4      | Reached skill level 5 in Fighting
  2652 | D:4      | Reached XP level 5. HP: 46/48 MP: 4/4
  2656 | D:4      | Killed an ogre
  2691 | D:4      | Reached XP level 6. HP: 45/56 MP: 5/5
  2731 | D:4      | Reached skill level 6 in Maces & Flails
  2817 | D:4      | Found a bloodstained altar of Trog.
  3185 | D:5      | Entered Level 5 of the Dungeon
  3242 | D:5      | Found a sacrificial altar of Ru.
  3242 | D:5      | Found a hide-covered altar of Uskayaw.
  3247 | D:5      | Found a white marble altar of Elyvilon.
  3249 | D:5      | Found a faded altar of an unknown god.
  3257 | D:5      | Fell from the grace of Trog
  3257 | D:5      | Became a worshipper of Ru the Awakened
  3262 | D:5      | Found a faded altar of an unknown god.
  3303 | D:5      | Reached skill level 5 in Armour
  3303 | D:5      | Reached XP level 7. HP: 54/61 MP: 6/6
  3407 | D:5      | Found an opulent altar of Gozag.
  3460 | D:5      | Reached skill level 7 in Maces & Flails
  3466 | D:5      | Paralysed by Trog for 5 turns
  3542 | D:5      | Found a sparkling altar of Nemelex Xobeh.
  3659 | D:5      | Noticed a polar bear
  3659 | D:5      | Noticed a polar bear
  3659 | D:5      | Noticed a polar bear
  3661 | D:5      | HP: 3/62 [polar bear[the rage of Trog] (18)]
  3661 | D:5      | Slain by a polar bear

Skill      XL: |  1  2  3  4  5  6  7 |
---------------+----------------------+-----
Fighting       | 4 5 |  5.8
Maces & Flails | 4 5 6 7 |  7.7
Armour         | 3 5 6 |  6.2
Dodging        | 3 |  3.3
Stealth        | |  0.7

Action                   |  1- 3 |  4- 6 |  7- 9 || total
-------------------------+-------+-------+-------++-------
Melee: Mace              |    70 |   152 |    45 ||   267
       Headbutt          |     1 |    17 |     5 ||    23
Invok: Berserk           |     2 |       |       ||     2
  Use: Potion            |       |     2 |       ||     2
       Scroll            |       |     1 |       ||     1
  Eat: Ration            |     1 |     1 |     1 ||     3
       Chunk             |     1 |     1 |       ||     2
Armor: Animal skin       |    26 |       |       ||    26
       Plate armour      |     4 |   104 |    35 ||   143
Dodge: Dodged            |    79 |    64 |    19 ||   162
